AoeStats
← 曼巴别肘

Arabia

509021922Analyzed
1v1 RM · 7d ago on Sep 25, 2026· 29m 8s· 2 players
Game mode
Random Map
Map size
Tiny (2 player)
Population
200
Speed
Normal
Resources
Standard
Victory
Conquest
Starting age
Dark Age
Ending age
Imperial Age
RankedLock teamsTeams togetherTeam positionsShared explorationLock speedFull tech treeHidden civsTurbo modeCheats
Victory
Defeat
🇲🇽 Britons · Mexico
1050
+14
🇨🇳 Tatars · China
1006
-14
曼巴别肘
10:10 Feudal Age
10:43 Double-Bit Axe
15:51 Padded Archer Armor
16:26 Fletching
16:29 Loom
21:23 Horse Collar
24:47 Gold Mining
27:27 Castle Age
26:52 Scale Barding Armor
27:37 Bloodlines
27:37 Light Cavalry
27:40 Elite Skirmisher
29:20 Leather Archer Armor
Hari_Seldon
6:07 Loom
9:26 Feudal Age
9:56 Double-Bit Axe
13:45 Fletching
14:42 Padded Archer Armor
21:16 Castle Age
21:18 Crossbowman
22:08 Bodkin Arrow
22:58 Bow Saw
24:19 Leather Archer Armor
25:12 Scale Mail Armor
25:31 Pikeman
26:48 Gold Mining
Connection lost

Rejoining the realm…

Still unreachable

The connection could not be restored.

Session expired

The server has moved on; the page needs a fresh start.